 Dungeon Crawl Stone Soup version 0.23-a0-703-gdf2d5e0 (webtiles) character file.

110 DrEnzyme the Skirmisher (level 4, 0/35 HPs)
             Began as a Mummy Wanderer on Jan 14, 2019.
             Slain by a hornet zombie (10 damage)
             ... on level 3 of the Dungeon.
             The game lasted 00:10:03 (3547 turns).

DrEnzyme the Skirmisher (Mummy Wanderer)            Turns: 3547, Time: 00:10:04

Health: 0/35       AC:  5    Str: 15    XL:     4   Next: 61%
Magic:  4/4        EV: 10    Int: 12    God:
Gold:   72         SH:  0    Dex: 11    Spells: 3/3 levels left

rFire    . . .     SeeInvis .   a - +2 dagger
rCold    + . .     Gourm    .   (no shield)
rNeg     + + +     Faith    .   c - +0 ring mail
rPois    ∞         Spirit   .   (no helmet)
rElec    .         Reflect  .   (no cloak)
rCorr    .         Harm     .   (no gloves)
MR       .....                  (no boots)
Stlth    +.........             (no amulet)
HPRegen  0.11/turn              h - ring of protection from fire
MPRegen  0.09/turn              (no ring)

@: no status effects
A: no food or potions, fire vulnerability, cold resistance 1, negative energy
resistance 3, torment resistance, unbreathing
a: no special abilities


You were on level 3 of the Dungeon.
You were not hungry.

You visited 1 branch of the dungeon, and saw 3 of its levels.

You collected 72 gold pieces.

Inventory:

Hand Weapons
 a - a +2 dagger (weapon)
 b - a +0 blowgun
 d - a +0 quarterstaff
Missiles
 e - 27 stones (quivered)
 g - 21 poisoned needles
Armour
 c - a +0 ring mail (worn)
Jewellery
 h - a ring of protection from fire (left hand)
Scrolls
 f - a scroll of magic mapping
 i - a scroll of remove curse


   Skills:
 * Level 3.1 Fighting
 + Level 2.0 Short Blades
   Level 1.5 Axes
 - Level 2.0 Staves
 + Level 1.5 Throwing
 - Level 1.9 Armour
 - Level 1.0 Stealth


You had 3 spell levels left.
You didn't know any spells.
Your spell library was empty.

Dungeon Overview and Level Annotations

Branches:
Dungeon (3/15)

Altars:


Innate Abilities, Weirdness & Mutations

You do not eat or drink.
Your flesh is vulnerable to fire.
You are immune to poison.
Your flesh is cold resistant. (rC+)
You are immune to negative energy. (rN+++)
You are immune to unholy pain and torment.
You can survive without breathing.


Message History

The hornet zombie hits you.
You closely miss the hornet zombie.
The hornet zombie is lightly damaged.
The hornet zombie hits you but does no damage.
You barely miss the hornet zombie.
The hornet zombie is lightly damaged.
The hornet zombie closely misses you.
A giant cockroach comes into view.
You closely miss the hornet zombie.
The hornet zombie is lightly damaged.
The hornet zombie closely misses you. The hornet zombie hits you!
* * * LOW HITPOINT WARNING * * *
As you read the scroll labeled ISTRAU DIMIVUU, it crumbles to dust.
You feel blessed for a moment.
It was a scroll of remove curse.
The hornet zombie hits you but does no damage.
Okay, then.
You hit the hornet zombie.
The hornet zombie is moderately damaged.
The hornet zombie hits you!
You die...
Zh

. h# .## ..## # #..###...
###############......#
####...........@Zs....#
##...>################..#
.).#### ... .###### .
........ ######## #


You could see a hornet zombie and a giant cockroach.

Vanquished Creatures
  2 adders (D:1)
  2 oozes (D:2)
  2 dart slugs
  3 leopard geckos
  7 bats
  4 giant cockroaches
  11 goblins
  9 hobgoblins
  11 jackals
  7 kobolds
  A quokka (D:1)
  4 frilled lizards
  4 rats (D:1)
67 creatures vanquished.

Notes
Turn   | Place    | Note
-------+----------+-------------------------------------------
     0 | D:1      | DrEnzyme the Mummy Wanderer began the quest for the Orb.
     0 | D:1      | DrEnzyme set off with the following items: a +2 dagger, a
                  | scroll of blinking, a +0 ring mail, a +0 quarterstaff
     0 | D:1      | Reached XP level 1. HP: 16/16 MP: 1/1
   304 | D:1      | Reached XP level 2. HP: 18/22 MP: 2/2
  1231 | D:1      | Reached XP level 3. HP: 28/28 MP: 3/3
  1378 | D:1      | Reached skill level 1 in Short Blades
  2338 | D:1      | Reached XP level 4. HP: 18/34 MP: 4/4
  2796 | D:2      | Reached skill level 3 in Fighting
  3547 | D:3      | Slain by a hornet zombie

Vault maps used:
D:1:      enne_arrival_octagon_isle
D:3:      first_ration, minmay_distorted

Skill      XL: |  1  2  3  4 |
---------------+-------------+-----
Staves         | 2 |  2.0
Short Blades   | 1 2 |  2.0
Fighting       | 3 |  3.1
Axes           | |  1.5
Throwing       | |  1.5
Armour         | |  1.9
Stealth        | |  1.0

Action                   |  1- 3 |  4- 6 || total
-------------------------+-------+-------++-------
Melee: Dagger            |   154 |   110 ||   264
 Fire: Blowgun           |       |     6 ||     6
Throw: Stone             |    46 |    25 ||    71
  Use: Scroll            |     3 |     3 ||     6
Armor: Ring mail         |    72 |    49 ||   121
Dodge: Dodged            |   104 |    57 ||   161

Table legend:
 A = Non-vault XP
 B = Vault XP
 C = Vault XP percentage of total XP
 D = Non-vault monster count
 E = Vault monster count
 F = Vault count percentage of total count
                 A         B        C        D         E       F
            +---------+---------+-------+---------+---------+-------
      Total |     158 |       0 |   0.0 |      67 |       0 |   0.0
            +---------+---------+-------+---------+---------+-------
        D:1 |      97 |       0 |   0.0 |      39 |       0 |   0.0
        D:2 |      50 |       0 |   0.0 |      22 |       0 |   0.0
        D:3 |      11 |       0 |   0.0 |       6 |       0 |   0.0
            +---------+---------+-------+---------+---------+-------
